 Dungeon Crawl Stone Soup version 0.29-a0-25-g7f48f510a0 (webtiles) character file.

Game seed: 15680175911842491817

52665 pokeman the Eclecticist (level 14, -5/78 HPs)
             Began as a Deep Elf Hedge Wizard on Jan 31, 2022.
             Was an Elder of Vehumet.
             Slain by a death yak (13 damage)
             ... on level 6 of the Lair of Beasts.
             The game lasted 01:12:25 (24631 turns).

pokeman the Eclecticist (Deep Elf Hedge Wizard)    Turns: 24631, Time: 01:12:26

Health: -5/78      AC: 14    Str:  7    XL:     14   Next: 28%
Magic:  52/67      EV: 10    Int: 28    God:    Vehumet [****..]
Gold:   2194       SH:  5    Dex: 14    Spells: 24/53 levels left

rFire   . . .      SeeInvis .   p - +10 scimitar of the Establishment {vamp, MP+9}
rCold   . . .      Faith    .   b - +0 buckler
rNeg    . . .      Spirit   .   V - +0 swamp dragon scales
rPois   +          Reflect  .   l - +2 helmet "Reboeza" {Fly rElec Int+3}
rElec   +          Harm     .   e - +0 cloak
rCorr   .          Rampage  .   (no gloves)
Will    +....                   u - +0 pair of boots
Stlth   ++........              E - amulet of magic regeneration
HPRegen 0.23/turn               a - ring of magical power
MPRegen 0.80/turn               D - ring of magical power

@: flying
A: no striking features
a: Renounce Religion


You were on level 6 of the Lair of Beasts.
You worshipped Vehumet.
Vehumet was greatly pleased with you.
You visited 3 branches of the dungeon, and saw 20 of its levels.
You also visited: Bailey and Ice Cave.

You collected 2194 gold pieces.

Inventory:

Hand Weapons
 g - a +0 hand crossbow
 p - the +10 scimitar of the Establishment (weapon) {vamp, MP+9}
   (You found it on level 3 of the Dungeon)

   It occasionally heals its wielder for a portion of the damage dealt when it
   wounds a living foe.
   MP:        It affects your magic capacity (+9).
Missiles
 f - 167 bolts
Armour
 b - a +0 buckler (worn)
 e - a +0 cloak (worn)
 l - the +2 helmet "Reboeza" (worn) {Fly rElec Int+3}
   (You found it on level 2 of the Lair of Beasts)

   Int:       It affects your intelligence (+3).
   rElec:     It insulates you from electricity.
   Fly:       It grants you flight.
 u - a +0 pair of boots (worn)
 V - +0 swamp dragon scales (worn)
Magical Staves
 i - a staff of conjuration
 m - a staff of fire
Jewellery
 a - a ring of magical power (left hand)
 c - a ring of positive energy
 n - a ring of wizardry
 D - a ring of magical power (right hand)
 E - an amulet of magic regeneration (around neck)
 I - the ring of Lomez {rC+ rN+}
   (You took it off an orc warrior in a bailey)

   [ring of positive energy]

   rC:        It protects you from cold.
   rN:        It protects you from negative energy.
 T - a ring of willpower
 X - a ring of see invisible
Wands
 t - a wand of acid (7)
 v - a wand of flame (13)
Scrolls
 d - 11 scrolls of teleportation
 j - a scroll of fear
 q - a scroll of holy word
 w - 2 scrolls of enchant armour
 x - a scroll of blinking
 y - 2 scrolls of vulnerability {unknown}
 H - a scroll of amnesia {unknown}
 J - 3 scrolls of fog {unknown}
 U - 3 scrolls of magic mapping {unknown}
Potions
 h - 4 potions of attraction {unknown}
 k - 8 potions of mutation {unknown}
 o - a potion of lignification {unknown}
 r - 8 potions of curing {unknown}
 s - 2 potions of heal wounds {unknown}
 z - 3 potions of brilliance {unknown}
 A - 2 potions of magic {unknown}
 F - a potion of might {unknown}
 K - a potion of experience
 L - a potion of invisibility {unknown}
 N - a potion of ambrosia {unknown}
 P - a potion of cancellation {unknown}
 S - 3 potions of flight {unknown}
 W - a potion of haste
 Y - 2 potions of berserk rage {unknown}
 Z - 4 potions of degeneration {unknown}
Miscellaneous
 M - a phial of floods


   Skills:
 + Level 5.6 Fighting
 - Level 5.0 Armour
 - Level 3.1 Dodging
 - Level 3.1 Stealth
 - Level 5.0 Shields
 * Level 20.4 Spellcasting
 + Level 12.3 Conjurations
 + Level 5.5 Summonings
 - Level 5.0 Necromancy
 - Level 1.1 Translocations
 - Level 10.5 Fire Magic
 - Level 1.0 Ice Magic
 - Level 1.1 Air Magic
 - Level 1.1 Earth Magic
 - Level 1.1 Poison Magic
 - Level 1.1 Evocations


You had 24 spell levels left.
You knew the following spells:

 Your Spells              Type           Power      Damage    Failure   Level
a - Magic Dart            Conj           100%       1d8       1%          1
b - Mephitic Cloud        Conj/Pois/Air  54%        N/A       1%          3
c - Call Imp              Summ           56%        N/A       1%          2
d - Blink                 Tloc           68%        N/A       5%          2
e - Conjure Flame         Conj/Fire      75%        6-21      1%          3
f - Stone Arrow           Conj/Erth      100%       3d13      1%          3
g - Freezing Cloud        Conj/Ice/Air   27%        6-21      5%          5
h - Haunt                 Necr/Summ      27%        N/A       99%         7
i - Swiftness             Air            35%        N/A       10%         3

Your spell library contained the following spells:

 Spells                   Type           Power      Damage    Failure   Level
 Flame Wave               Conj/Fire      75%        2d13      1%          4
 Sandblast                Erth           68%        2d15      1%          1
 Vampiric Draining        Necr           54%        2d9       1%          3
 Hailstorm                Conj/Ice       60%        3d13      1%          4
 Lightning Bolt           Conj/Air       30%        1d47      2%          5
 Slow                     Hex            100%       N/A       5%          1
 Ensorcelled Hibernation  Hex/Ice        62%        N/A       7%          2
 Passwall                 Tmut/Erth      25%        N/A       7%          2
 Animate Dead             Necr           27%        N/A       7%          4
 Airstrike                Air            17%        N/A       9%          4
 Portal Projectile        Hex/Tloc       62%        N/A       13%         3
 Iron Shot                Conj/Erth      30%        9d6       13%         6
 Animate Armour           Summ/Erth      94%        N/A       14%         4
 Summon Lightning Spire   Summ/Air       47%        N/A       14%         4
 Confusing Touch          Hex            28%        N/A       16%         3
 Excruciating Wounds      Necr           27%        N/A       19%         5
 Ice Form                 Ice/Tmut       31%        N/A       41%         4
 Borgnjor's Vile Clutch   Necr/Erth      22%        N/A       41%         5
 Manifold Assault         Tloc           34%        N/A       67%         5
 Blade Hands              Tmut           14%        N/A       83%         5
 Simulacrum               Ice/Necr       22%        N/A       94%         6
 Storm Form               Tmut/Air       15%        N/A       100%        7
 Infestation              Necr           27%        N/A       100%        8


Dungeon Overview and Level Annotations

Branches:
Dungeon (13/15)            Temple (1/1) D:5            Lair (6/6) D:10
 Shoals (0/4) Lair:4        Snake (0/4) Lair:3          Orc (0/2) D:11
 Vaults (0/5) D:13         Bailey (visited)           IceCv (visited)
  Slime: Lair:5-6

Altars:
Cheibriados
Fedhas
Okawaru
Ru
Vehumet
Wu Jian
Yredelemnul
Zin

Shops:
D:4 =   D:5 *

Annotations:
D:13 exclusion: door
Lair:3 2 transporters, robertstho's ghost, journeyman DjFE


Message History

Aiming: Freezing Cloud (dangerous; 5% risk of failure)
Press: ? - help, Dir - move target The death yak bellows!
You are engulfed in freezing vapours.
The death yak is engulfed in freezing vapours. x2
Unknown command.
Unknown command.
Casting: Freezing Cloud (dangerous; 5% risk of failure)
Confirm with . or Enter, or press ? or * to list all spells.
Aiming: Freezing Cloud (dangerous; 5% risk of failure)
Press: ? - help, Dir - move target You are engulfed in freezing vapours.
You hear a bellow!
The death yak is engulfed in freezing vapours. x5
A yak comes into view.
The death yak is engulfed in freezing vapours.
The electric eel is engulfed in freezing vapours.
The electric eel seems to slow down.
Unknown command.
Unknown command.
Casting: Freezing Cloud (dangerous; 5% risk of failure)
Confirm with . or Enter, or press ? or * to list all spells.
Aiming: Mephitic Cloud (safe; 1% risk of failure)
Press: ? - help, Shift-Dir - straight line, f - you The ball explodes into a vile cloud!
The stinking cloud engulfs you but does no damage.
The stinking cloud engulfs the yak but does no damage.
The stinking cloud engulfs the death yak but does no damage.
The death yak is heavily wounded.
The stinking cloud engulfs the death yak but does no damage.
The death yak is moderately wounded.
You are engulfed in freezing vapours.
* * * LOW HITPOINT WARNING * * *
You hear a bellow!
You hear a roar!
You hear an angry hiss.
You hear a howl!
You hear an angry hiss.
You hear an angry growl.
You hear an angry hiss.
You hear a loud, deep croak!
You hear a bleat! x2
A yak comes into view.
The death yak is engulfed in freezing vapours.
The death yak gores you!
You die...
P... .#... .... .....
PP...

#.... .....
#...#
§§§...##...#
§§§...#...#
SY§...Y§..#
#@.8# #YY§#
##§Y☼# §§§#
#.§§# #.YY§
#§Y§§ #...


You could see 6 death yaks, 2 yaks and an electric eel (slow).

Vanquished Creatures
  Rupert (Lair:4)
  Kirke (D:12)
  An orc warlord (Bailey)
  3 hydras
  Fannar (Lair:1)
  A boulder beetle (D:10)
  2 two-headed ogres
  A catoblepas (Lair:5)
  3 slime creatures (D:12)
  5 death yaks (Lair:5)
  Sonja (Lair:4)
  The ghost of browni3141 the Grappler, a novice TrMo (D:7)
  5 skeletal warriors (D:8)
  The ghost of AlmostDecent the Cleaver, a novice GrBe of Trog (D:9)
  Pikel (D:5)
  An orc knight (Bailey)
  3 ugly things
  An oklob plant (Lair:4)
  A manticore (D:11)
  5 black mambas
  3 ice statues (IceCv)
  5 torpor snails
  7 cane toads
  Maggie (Lair:2)
  3 unseen horrors
  A kobold demonologist (D:9)
  6 komodo dragons
  An anaconda simulacrum (IceCv)
  5 rime drakes
  A troll (D:11)
  2 polar bears (Lair:4)
  4 dream sheep (Lair:2)
  2 hornets (D:9)
  12 blink frogs
  2 dire elephant simulacra (IceCv)
  A shadow (D:10)
  2 wraiths (D:13)
  2 wyverns
  A ynoxinul (D:9)
  44 yaks
  4 vampire mosquitoes (D:10)
  A basilisk (Lair:1)
  A death yak simulacrum (IceCv)
  4 steam dragons
  An acid dragon (D:12)
  2 nagas (Lair:3)
  14 water moccasins
  A black bear (D:6)
  13 orc warriors
  2 ice beasts
  A sky beast (D:5)
  2 necrophages
  18 wolves
  7 centaurs
  2 ogres
  4 boggarts (Lair:4)
  A phantom (D:7)
  3 lemures (D:5)
  3 kobold brigands
  12 bullfrogs
  A gnoll sergeant (D:9)
  9 scorpions
  3 cane toad simulacra (IceCv)
  A water moccasin skeleton (D:4)
  3 killer bees (D:7)
  18 wights
  6 howler monkeys
  An electric eel (Lair:5)
  4 centaur zombies
  2 jellies
  A hound (D:7)
  2 orc priests
  2 gnoll shamans (D:5)
  2 centaur skeletons
  2 iguanas
  6 orc wizards
  A hound zombie (D:5)
  A hound skeleton (D:4)
  13 gnolls
  10 adders
  A shadow imp (D:7)
  A white imp (D:8)
  2 dart slugs
  36 orcs
  8 endoplasms
  4 giant cockroaches
  21 goblins
  16 hobgoblins
  A jackal (D:1)
  10 kobolds
  2 quokkas
  7 ball pythons
  A ball python skeleton (D:3)
  3 bats
  2 frilled lizards (D:3)
  A jackal skeleton (D:4)
  3 rats
447 creatures vanquished.

Vanquished Creatures (collateral kills)
  The ghost of snaxamus the Skirmisher, an amateur MiBe of Trog (D:3)
1 creature vanquished.

Vanquished Creatures (others)
  59 fungi
  58 plants
117 creatures vanquished.

Grand Total: 565 creatures vanquished

Notes
Turn   | Place    | Note
-------+----------+-------------------------------------------
     0 | D:1      | pokeman the Deep Elf Hedge Wizard began the quest for the
                  | Orb.
     0 | D:1      | Reached XP level 1. HP: 10/10 MP: 7/7
    14 | D:1      | Found a faded altar of an unknown god.
   120 | D:1      | You fall into a shaft and drop 1 floor!
   496 | D:1      | Reached XP level 2. HP: 16/16 MP: 1/9
  1506 | D:2      | Reached skill level 5 in Spellcasting
  1673 | D:2      | Reached XP level 3. HP: 20/20 MP: 11/11
  1677 | D:2      | Learned a level 3 spell: Mephitic Cloud
  1680 | D:2      | Learned a level 2 spell: Call Imp
  1683 | D:2      | Learned a level 2 spell: Blink
  1687 | D:2      | Learned a level 3 spell: Conjure Flame
  2374 | D:2      | Reached skill level 1 in Fighting
  2374 | D:2      | Reached skill level 1 in Armour
  2653 | D:3      | Reached XP level 4. HP: 25/25 MP: 13/13
  2958 | D:3      | Found a runed translucent door.
  2959 | D:3      | Noticed a bullfrog
  2981 | D:3      | Noticed snaxamus's ghost (amateur MiBe)
  3165 | D:3      | Identified the +10 scimitar of the Establishment {vamp,
                  | MP+9}
  3647 | D:3      | Reached skill level 6 in Spellcasting
  3647 | D:3      | Reached skill level 1 in Fire Magic
  3780 | D:3      | Killed a bullfrog
  3781 | D:3      | Reached XP level 5. HP: 29/29 MP: 15/15
  3783 | D:3      | Reached skill level 1 in Ice Magic
  3799 | D:3      | Killed snaxamus's ghost
  3800 | D:3      | Reached skill level 7 in Spellcasting
  3800 | D:3      | Reached skill level 1 in Air Magic
  3800 | D:3      | Reached XP level 6. HP: 9/34 MP: 18/18
  4188 | D:4      | Found Hitedi Femeff's Jewellery Emporium.
  4403 | D:4      | Learned a level 3 spell: Stone Arrow
  4662 | D:4      | Reached skill level 1 in Poison Magic
  4662 | D:4      | Reached skill level 1 in Evocations
  5089 | D:4      | Reached XP level 7. HP: 34/38 MP: 20/20
  5195 | D:5      | Entered Level 5 of the Dungeon
  5588 | D:5      | Reached skill level 1 in Earth Magic
  5594 | D:5      | Noticed Pikel
  5611 | D:5      | Killed Pikel
  5612 | D:5      | Reached skill level 9 in Spellcasting
  5612 | D:5      | Reached XP level 8. HP: 31/44 MP: 23/23
  5962 | D:5      | Reached skill level 5 in Conjurations
  6251 | D:5      | Found a staircase to the Ecumenical Temple.
  6260 | Temple   | Entered the Ecumenical Temple
  6297 | Temple   | Became a worshipper of Vehumet
  6393 | D:5      | Reached skill level 10 in Spellcasting
  6468 | D:5      | Identified the amulet of Ifoupp {Acrobat Rampage Will+
                  | Dex+3}
  6709 | D:5      | Found Inatal's Mayhem Merchandise.
  7499 | D:6      | Reached XP level 9. HP: 48/48 MP: 25/25
  8128 | D:6      | Reached skill level 11 in Spellcasting
  8413 | D:7      | Found a flagged portal.
  8497 | Bailey   | Entered a bailey
  8590 | Bailey   | Reached skill level 5 in Fire Magic
  8677 | Bailey   | Noticed an orc knight
  8710 | Bailey   | Killed an orc knight
  8711 | Bailey   | Reached skill level 12 in Spellcasting
  8728 | Bailey   | Reached * piety under Vehumet
  8728 | Bailey   | Offered knowledge of Freeze by Vehumet.
  8868 | Bailey   | Identified the ring of Lomez {rC+ rN+}
  9047 | Bailey   | Reached XP level 10. HP: 56/56 MP: 28/28
  9133 | Bailey   | Noticed an orc warlord
  9179 | Bailey   | Killed an orc warlord
  9180 | Bailey   | Reached skill level 13 in Spellcasting
  9636 | D:7      | Found a runed translucent gate.
  9636 | D:7      | Found a runed translucent gate.
  9638 | D:7      | Found a runed translucent gate.
  9639 | D:7      | Noticed browni3141's ghost (novice TrMo)
 10382 | D:7      | Offered knowledge of Poisonous Vapours by Vehumet.
 10720 | D:8      | Reached ** piety under Vehumet
 10987 | D:8      | Noticed a skeletal warrior
 10993 | D:8      | Noticed a skeletal warrior
 10994 | D:8      | Killed a skeletal warrior
 10997 | D:8      | Noticed a skeletal warrior
 10998 | D:8      | Noticed a skeletal warrior
 11008 | D:8      | Noticed a skeletal warrior
 11141 | D:8      | Learned a level 3 spell: Swiftness
 11277 | D:8      | Killed a skeletal warrior
 11278 | D:8      | Reached skill level 14 in Spellcasting
 11478 | D:8      | Killed a skeletal warrior
 11481 | D:8      | Killed a skeletal warrior
 11482 | D:8      | Reached skill level 5 in Fighting
 11482 | D:8      | Reached XP level 11. HP: 63/63 MP: 31/31
 11542 | D:8      | Killed a skeletal warrior
 11718 | D:9      | Noticed AlmostDecent's ghost (novice GrBe)
 11720 | D:9      | Found a runed translucent door.
 11798 | D:9      | Reached skill level 15 in Spellcasting
 11883 | D:9      | Offered knowledge of Scorch by Vehumet.
 11905 | D:9      | Reached *** piety under Vehumet
 12377 | Temple   | Identified a scroll of acquirement
 12397 | Temple   | Acquired 1095 gold pieces
 12781 | D:7      | Killed browni3141's ghost
 13435 | D:9      | Killed AlmostDecent's ghost
 13470 | D:9      | Got Hivua's Volume of Earth
 13530 | D:10     | Entered Level 10 of the Dungeon
 13568 | D:10     | Noticed a boulder beetle
 13867 | D:10     | Reached skill level 16 in Spellcasting
 13869 | D:10     | Offered knowledge of Inner Flame by Vehumet.
 13907 | D:10     | Found a staircase to the Lair.
 14520 | D:10     | Found a basalt altar of Yredelemnul.
 14607 | D:10     | Reached XP level 12. HP: 51/68 MP: 34/34
 14871 | D:10     | Killed a boulder beetle
 15326 | D:11     | Noticed a two-headed ogre
 15330 | D:11     | Killed a two-headed ogre
 15331 | D:11     | Reached skill level 5 in Armour
 15331 | D:11     | Reached skill level 10 in Conjurations
 15390 | D:11     | Reached **** piety under Vehumet
 15522 | D:11     | Reached skill level 1 in Shields
 15522 | D:11     | Reached skill level 17 in Spellcasting
 15725 | D:11     | Learned a level 7 spell: Haunt
 15887 | D:11     | Reached skill level 1 in Necromancy
 15897 | D:11     | Found a staircase to the Orcish Mines.
 15918 | D:11     | Offered knowledge of Freezing Cloud by Vehumet.
 15930 | D:11     | Learned a level 5 spell: Freezing Cloud
 16349 | D:12     | Noticed a two-headed ogre
 16354 | D:12     | Killed a two-headed ogre
 16360 | D:12     | Noticed Kirke
 16363 | D:12     | Noticed a sphinx
 16366 | D:12     | Killed Kirke
 17238 | D:13     | Found the +4 skin of Zhor {*Englaciate rC+++ SInv}
 17253 | D:13     | Noticed a two-headed ogre
 17254 | D:13     | Found a gate to the Vaults.
 17256 | D:13     | Noticed an ice dragon
 17529 | D:13     | Reached skill level 10 in Fire Magic
 17537 | D:13     | HP: 3/68 [rime drake/flash freeze (20)]
 17916 | Lair:1   | Entered Level 1 of the Lair of Beasts
 18185 | Lair:1   | Reached skill level 18 in Spellcasting
 18441 | Lair:1   | Noticed Fannar
 18462 | Lair:1   | Killed Fannar
 18463 | Lair:1   | Reached XP level 13. HP: 66/72 MP: 30/37
 18933 | Lair:2   | Found a frozen archway.
 18941 | Lair:2   | Identified the +4 scale mail of the Chupacabra {rF+}
 18945 | IceCv    | Entered an ice cave
 19858 | Lair:2   | Noticed Maggie
 19865 | Lair:2   | Killed Maggie
 20241 | Lair:1   | Reached skill level 5 in Necromancy
 20443 | Lair:2   | Reached ***** piety under Vehumet
 20588 | Lair:2   | Offered knowledge of Spellforged Servitor by Vehumet.
 20765 | Lair:2   | Identified the +2 helmet "Reboeza" {Fly rElec Int+3}
 21318 | Lair:3   | Found a staircase to the Snake Pit.
 21354 | Lair:3   | Reached skill level 19 in Spellcasting
 21887 | Lair:3   | Found a transporter.
 21929 | Lair:3   | Found a transporter.
 22122 | Lair:3   | Noticed robertstho's ghost (journeyman DjFE)
 22587 | Lair:4   | Noticed Sonja
 22593 | Lair:4   | Killed Sonja
 22729 | Lair:4   | Noticed Rupert
 22846 | Lair:4   | Found a staircase to the Shoals.
 22855 | Lair:4   | Paralysed by Rupert for 6 turns
 22857 | Lair:4   | Killed Rupert
 23030 | Lair:4   | Offered knowledge of Flame Wave by Vehumet.
 23042 | Lair:4   | Reached skill level 5 in Shields
 23442 | Lair:5   | Reached XP level 14. HP: 78/78 MP: 39/39
 23607 | Lair:5   | Reached skill level 20 in Spellcasting
 23737 | Lair:5   | Found a snail-covered altar of Cheibriados.
 23743 | Lair:5   | Reached skill level 5 in Summonings
 24627 | Lair:6   | Entered Level 6 of the Lair of Beasts
 24631 | Lair:6   | Slain by a death yak

Illustrated notes

Levels and vault maps discovered:
D:1:      saegor_arrival_under_anarchy, layout_loops_ring,
          ebering_ecumenical_altar_rust, minmay_distorted
D:2:      layout_basic
D:3:      layout_basic, ebering_ghost_sewer_d, minmay_starry_boxes
D:4:      layout_cave_pods, minmay_shop_enchanted_jewellery,
          minmay_misc_feat_iff
D:5:      layout_cave_pods, minmay_temple_entry_antechambers,
          roderic_malta_cross, minmay_shop_mayhem, hangedman_decor_points,
          grunt_ministairs_4, chequers_jeans, corexii_item_surrounded_by_moat,
          nicolae_grassy_gnolls, uniq_pikel
D:6:      layout_loops_corners
D:7:      layout_loops_cross, enter_bailey_3, gammafunk_ghost_split
D:8:      layout_loops_ring
D:9:      layout_basic, hellmonk_ghost_big_iron, dk_noncrumbling_4
D:10:     layout_irregular_city, lemuel_doored_altar,
          due_lair_maze_entry_diamond
D:11:     layout_loops_ring, orc_0_dummy
D:12:     layout_cave_pods, evilmike_butchery, uniq_kirke
D:13:     kennysheep_blocky_hall, layout_cave_pods, erik_vaults_1,
          eino_tiny_chamber, hellmonk_guarded_unrand_zhor
Temple:   mainiacjoe_temple_hex_bubbles
Lair:1:   layout_long_grid, uniq_fannar
Lair:2:   layout_chaotic_city, portal_ice_cave_entry_pillars_2,
          serial_bayou_shore_a, uniq_maggie
Lair:3:   layout_regular_city, minmay_snake_entry_guardpost_small,
          nzn_ghost_randoct
Lair:4:   layout_regular_city, minmay_shoals_entry_centaurs,
          chequers_serial_rivers_small_b, ldierk_geyser,
          kilobyte_rumbling_trees, uniq_rupert, uniq_sonja
Lair:5:   layout_cellular_growth, st_stairs_6, cheibrodos_lair_caveside_slide,
          kennysheep_snail_temple
Lair:6:   hellmonk_lair_end_abyssal_woods, layout_long_grid,
          minmay_slime_entry_oklob_open, grunt_megastairs_5,
          infiniplex_staircase_pool

Skill      XL: |  1  2  3  4  5  6  7  8  9 10 11 12 13 14 |
---------------+-------------------------------------------+-----
Spellcasting   | 5 6 7 9 10 12 14 16 18 19 20 | 20.4
Fighting       | 1 2 3 5 |  5.6
Armour         | 1 2 3 4 5 |  5.0
Conjurations   | 2 3 4 5 7 8 9 10 12 | 12.3
Fire Magic     | 1 2 4 6 7 9 10 | 10.5
Dodging        | 3 |  3.1
Ice Magic      | 1 |  1.0
Stealth        | 3 |  3.1
Air Magic      | 1 |  1.1
Poison Magic   | 1 |  1.1
Evocations     | 1 |  1.1
Earth Magic    | 1 |  1.1
Shields        | 3 5 |  5.0
Necromancy     | 4 5 |  5.0
Summonings     | 4 5 |  5.5
Translocations | |  1.1

Action                   |  1- 3 |  4- 6 |  7- 9 | 10-12 | 13-15 || total
-------------------------+-------+-------+-------+-------+-------++-------
Melee: Dagger            |    12 |       |       |       |       ||    12
       Scimitar          |       |    20 |    62 |    70 |    31 ||   183
       Punch             |       |       |     2 |       |       ||     2
       Staff             |       |       |       |       |     4 ||     4
 Cast: Magic Dart        |    95 |    72 |    61 |    65 |     4 ||   297
       Mephitic Cloud    |       |     3 |    17 |    26 |    10 ||    56
       Call Imp          |       |     2 |       |     5 |       ||     7
       Conjure Flame     |       |     3 |    19 |    52 |     4 ||    78
       Stone Arrow       |       |     1 |    52 |   300 |   233 ||   586
       Blink             |       |       |    12 |     7 |       ||    19
       Freezing Cloud    |       |       |       |     3 |    36 ||    39
  Use: Scroll            |       |       |       |    10 |       ||    10
 Stab: Confused          |       |       |     4 |     2 |       ||     6
Armor: Robe              |     5 |       |       |       |     2 ||     7
       Leather armour    |       |    10 |     9 |       |       ||    19
       Steam dragon scal |       |       |     6 |    10 |       ||    16
       Swamp dragon scal |       |       |       |    49 |    26 ||    75
Dodge: Dodged            |    19 |    25 |    36 |    74 |    49 ||   203
Block: Buckler           |       |       |       |       |     6 ||     6

Table legend: (Time is in decaauts)
 A = Elapsed time spent in this place.
 B = Non-inter-level travel time spent in this place.
 C = Inter-level travel time spent in this place.
 D = Time resting spent in this place.
 E = Time spent auto-exploring this place.
 F = Levels seen in this place.
 G = Mean time per level.
                   A        B        C        D        E       F      G
               +--------+--------+--------+--------+--------+-----+--------+
         Total |  24761 |  23220 |   1541 |   2181 |  17583 |  22 | 1125.5 |
       Dungeon |  17108 |  15866 |   1242 |   1130 |  12669 |  13 | 1316.0 |
        Temple |    150 |    103 |     47 |      0 |     33 |   1 |  150.0 |
          Lair |   5553 |   5302 |    251 |    346 |   4160 |   6 |  925.5 |
        Bailey |   1045 |   1045 |      0 |     18 |    700 |   1 | 1045.0 |
      Ice Cave |    905 |    905 |      0 |    687 |     21 |   1 |  905.0 |
               +--------+--------+--------+--------+--------+-----+--------+

Top non-repeatable levels by time:
     D:5: 1997 daAuts
    D:10: 1655 daAuts
     D:9: 1650 daAuts
     D:3: 1505 daAuts
     D:7: 1427 daAuts
    D:12: 1411 daAuts
     D:1: 1332 daAuts
     D:6: 1327 daAuts
  Lair:4: 1292 daAuts
     D:8: 1252 daAuts
     D:2: 1239 daAuts
  Lair:1: 1217 daAuts
  Lair:5: 1213 daAuts
     D:4: 1129 daAuts
  Bailey: 1045 daAuts
